 Dungeon Crawl Stone Soup version 0.32-a0-779-g362cfca (webtiles) character file.

Game seed: 11954555975394620905

17584996 december12 the Ex Machina (level 27, 249/249 HPs)
             Began as a Coglin Artificer on Mar 18, 2024.
             Was the Champion of Trog.
             Escaped with the Orb
             ... and 15 runes
             ... and 1 gem on Mar 19, 2024!
             The game lasted 03:40:13 (88501 turns).

december12 the Ex Machina (Coglin Artificer)       Turns: 88501, Time: 03:40:14

Health: 249/249    AC: 39    Str: 17    XL:     27
Magic:  7/7        EV: 31    Int: 17    God:    Trog [******]
Gold:   1842       SH:  0    Dex: 27    Spells: 26/26 levels left

rFire   + + +        a - +9 double sword (antimagic) {Fusazane}
rCold   + + .        M - +9 double sword (antimagic) {Wenzel}
rNeg    + + +        T - +10 pearl dragon scales
rPois   ∞            h - -2 hat of the Alchemist {rElec rPois rF+ rC+ rN+ Will+ rMut rCorr}
rElec   +            S - +0 cloak of Spaghetti {rF+ Int+3 SInv}
rCorr   +            u - +2 pair of gloves {Dex+3}
SInv    +            H - +1 pair of boots "Geibloo" {rPois Str+3}
Will    ++++.        (amulet unavailable)
Stlth   +            (ring unavailable)
HPRegen 1.41/turn    (ring unavailable)
MPRegen 0.50/turn    W - adeledicnander capacitor {rElec rF+ Regen+ RegenMP+}

%: resist mutation
@: death-form, studying 2 skills
A: vile attack, torment immunity, no potions, off-hand wielding, slow wielding,
warmup strikes, no jewellery
0: Orb of Zot
}: 15/15 runes: decaying, slimy, silver, golden, iron, obsidian, icy, bone,
abyssal, demonic, glowing, magical, fiery, dark, gossamer
a: Siphon Essence, Begin Untransformation, Renounce Religion, Trog's Hand,
Brothers in Arms


You escaped.
You worshipped Trog.
Trog was exalted by your worship.
You were an undying horror.
You visited 18 branches of the dungeon, and saw 86 of its levels.
You visited Pandemonium 1 time, and saw 21 of its levels.
You visited the Abyss 3 times.
You visited 1 bazaar.
You visited 1 ziggurat, and saw 11 of its levels.
You also visited: Bailey and Wizlab.

You collected 11404 gold pieces.
You spent 9562 gold pieces at shops.

Inventory:

Hand Weapons
 a - a +9 antimagic double sword (weapon) {Fusazane}
 b - a +9 double sword of protection {Surin}
 k - the +6 sword of Cerebov {flame}
   (You took it off Cerebov in Pandemonium)
 M - a +9 antimagic double sword (offhand) {Wenzel}
Missiles
 l - 13 curare-tipped darts
 I - 4 poisoned darts
 Z - 6 throwing nets (quivered) {!f}
Armour
 g - a +2 cloak of willpower
 h - the -2 hat of the Alchemist (worn) {rElec rPois rF+ rC+ rN+ Will+ rMut rCorr}
   (You found it on level 4 of the Spider Nest)

   rF+:       It protects you from fire.
   rC+:       It protects you from cold.
   rElec:     It insulates you from electricity.
   rPois:     It protects you from poison.
   rN+:       It protects you from negative energy.
   Will+:     It increases your willpower.
   rCorr:     It protects you from acid and corrosion.
   rMut:      It protects you from mutation.
 r - a scarf of resistance
 u - a +2 pair of gloves of dexterity (worn)
 H - the +1 pair of boots "Geibloo" (worn) {rPois Str+3}
   (You found it on level 3 of the Elven Halls)

   Str+3:     It affects your strength (+3).
   rPois:     It protects you from poison.
 S - the +0 cloak of Spaghetti (worn) {rF+ Int+3 SInv}
   (You bought it in a shop on level 3 of the Vaults)

   Int+3:     It affects your intelligence (+3).
   rF+:       It protects you from fire.
   SInv:      It lets you see invisible.
 T - +10 pearl dragon scales (worn)
 Y - +0 gold dragon scales
Gizmo
 W - an adeledicnander capacitor (installed) {rElec rF+ Regen+ RegenMP+}
   (You invented it yourself on level 12 of the Dungeon)

   [adeledicnander capacitor]

   rF+:       It protects you from fire.
   rElec:     It insulates you from electricity.
   Regen+:    It increases your rate of health regeneration.
   RegenMP+:  It increases your rate of magic regeneration.
Talismans
 B - a granite talisman
 N - a talisman of death (active)
Wands
 d - a wand of charming (76)
 E - a wand of light (16)
 G - a wand of warping (99)
 V - a wand of digging (14)
Scrolls
 c - 4 scrolls of torment
 j - 3 scrolls of teleportation
 m - 14 scrolls of poison
 o - 4 scrolls of blinking
 v - 7 scrolls of fog
 z - a scroll of revelation
 C - 4 scrolls of silence
 D - 9 scrolls of enchant armour
 J - 8 scrolls of vulnerability
 L - 19 scrolls of fear
 P - 6 scrolls of immolation
Potions
 e - 5 potions of magic
 f - 21 potions of mutation
 i - 54 potions of curing
 p - 3 potions of might
 q - 8 potions of enlightenment
 s - a potion of resistance
 x - 21 potions of lignification
 A - 8 potions of cancellation
 K - 18 potions of heal wounds
 O - 15 potions of ambrosia
 R - 5 potions of haste
 X - 8 potions of attraction
Miscellaneous
 n - a figurine of a ziggurat
 t - a box of beasts
 w - a lightning rod (4/4)
 y - a condenser vane (inert)
 F - a phial of floods
 Q - the horn of Geryon
 U - a phantom mirror


   Skills:
 O Level 27 Fighting
 O Level 27 Long Blades
 - Level 4.0 Throwing
 O Level 27 Armour
 O Level 27 Dodging
 - Level 0.7 Stealth
 O Level 27 Evocations
 + Level 25.8 Shapeshifting


You had 26 spell levels left.
You didn't know any spells.
Your spell library contained the following spells:

 Spells                   Type           Power      Damage    Failure   Level
 Shock                    Conj/Air       0%         1d3       41%         1
 Scorch                   Fire           0%         2d5       54%         2
 Gell's Gravitas          Tloc           0%         N/A       78%         3
 Teleport Other           Tloc           0%         N/A       78%         3
 Flame Wave               Conj/Fire      0%         2d4       99%         4
 Vhi's Electric Charge    Tloc/Air       0%         N/A       99%         4
 Dispersal                Tloc           0%         N/A       100%        6
 Plasma Beam              Fire/Air       0%         2x1d10    100%        6
 Summon Cactus Giant      Summ           0%         N/A       100%        6
 Maxwell's Capacitive Co  Air            0%         ∞         100%        8


Dungeon Overview and Level Annotations

Branches:
Dungeon (15/15)            Temple (1/1) D:6            Lair (5/5) D:9
  Swamp (4/4) Lair:2       Spider (4/4) Lair:3        Slime (5/5) Lair:5
    Orc (2/2) D:12            Elf (3/3) Orc:2        Vaults (5/5) D:13
  Crypt (3/3) Vaults:3       Tomb (3/3) Crypt:3      Depths (4/4) D:15
   Hell (visited)             Dis (7/7) Hell            Geh (7/7) Hell
    Coc (7/7) Hell            Tar (7/7) Hell            Zot (5/5) Depths:4
 Bailey (visited)          WizLab (visited)

Altars:
Ashenzari
Cheibriados
Dithmenos
Elyvilon
Fedhas
Gozag
Hepliaklqana
Kikubaaqudgha
Makhleb
Nemelex Xobeh
Okawaru
Qazlal
Ru
Sif Muna
Trog
Uskayaw
Vehumet
Wu Jian
Xom
Yredelemnul
Zin
The Shining One
Lugonu

Shops:
D:8 :   D:13 [   Orc:2 ?=![   Vaults:2 !(   Vaults:3 [   Vaults:5 !![!!
Depths:1 *   Depths:2 !:*[(   Depths:4 =::

Portals:
Hell: Depths:1 Depths:2 Depths:3 Depths:4
Abyss: Orc:1 Depths:3 Depths:4
Pandemonium: Orc:2 Depths:2 Depths:3


Innate Abilities, Weirdness & Mutations

You are an undying horror.
Your melee and unarmed attacks drain, slow and weaken victims.
You are immune to unholy pain and torment.
You cannot drink.
You are immune to poison.
You can wield a second weapon in your off-hand.
It takes a long time for you to wield or remove held weapons.
Your first few attacks do less damage.
You cannot equip rings or amulets.


Message History

You slice the orange demon with your +9 antimagic double sword!!
The orange demon decays.
The orange demon is severely wounded.
You slash the orange demon with your +9 antimagic double sword!
The orange demon decays.
The orange demon barely misses you. x2
You closely miss the orange demon with your +9 antimagic double sword.
The orange demon is almost dead.
You barely miss the orange demon with your +9 antimagic double sword.
You slice the orange demon with your +9 antimagic double sword!!
You kill the orange demon!
Trog accepts your kill.
No target in view!
No target in view!
What level of the Dungeon? (default 1, ? - help)
There is a stone staircase leading up here.
You climb upwards.
There is a stone staircase leading down here.
Items here: ) ÷÷÷÷÷.
A smoke demon comes into view.
The smoke demon roars!
You slash the smoke demon with your +9 antimagic double sword!
The smoke demon decays.
The smoke demon's magic leaks into the air.
The smoke demon is heavily wounded.
You completely miss the smoke demon with your +9 antimagic double sword.
You hit the smoke demon with your +9 antimagic double sword.
The smoke demon decays.
The smoke demon's magic leaks into the air.
The smoke demon is heavily wounded.
You hit the smoke demon with your +9 antimagic double sword.
The smoke demon decays.
You chop the smoke demon into pieces with your +9 antimagic double sword!!!
You kill the smoke demon!
Trog accepts your kill.
No target in view!
No target in view!
Okay, then.
There is a large open door here.
There is a staircase leading out of the dungeon here.
You have escaped!

### ##### ###
#z######.P.####.##
#.#P.P#.~.≈.##.~.#
#P..~..~~~~≈..~~~.
#~.~≈~≈≈≈≈≈~~≈~≈≈~
#≈~~≈≈~≈~≈≈≈≈≈≈~~≈
#≈≈≈~≈~≈P~~≈≈≈≈PP~
#≈~≈~≈≈P~PP≈≈~≈~P.
#≈≈PP~≈~PPPP≈≈P≈.~
##################


There were no monsters in sight!

Vanquished Creatures
  Cerebov (Pan)
  Antaeus (Coc:7)
  Asmodeus (Geh:7)
  the Royal Jelly (Slime:5)
  Ereshkigal (Tar:7)
  Mnoleg (Pan)
  Lom Lobon (Pan)
  Gloorx Vloq (Pan)
  9 dread liches
  4 ancient liches
  Dispater (Dis:7)
  11 orbs of fire
  3 juggernauts (Dis:7)
  Mara (Vaults:5)
  The ghost of Gusador the Conqueror, a legendary MiFi of Okawaru (Zot:5)
  Boris (4 times) (Depths:2 Depths:3 Depths:4 Tomb:2)
  24 royal mummies
  6 Killer Klowns
  17 shard shrikes
  Geryon (Hell)
  4 curse toes
  16 caustic shrikes
  10 bone dragons
  7 golden dragons
  The ghost of Uthrocemmu the Lord of Darkness, an adept DsAl of Kikubaaqudgha (Depths:2)
  4 profane servitors
  17 Tzitzimimeh
  19 Brimstone Fiends
  Arachne (Spider:4)
  9 doom hounds
  5 iron giants
  3 electric golems
  2 spectral shard shrikes (Tar:5)
  9 pandemonium lords
  20 Ice Fiends
  18 tentacled monstrosities
  8 hellephants
  A shard shrike skeleton (Crypt:1)
  9 tainted leviathans (Tar:7)
  4 liches
  28 Orb Guardians
  A quicksilver dragon (Zot:1)
  19 titans
  11 Hell Sentinels
  2 deep elf blademasters
  A quicksilver dragon (shapeshifter) (Zig:4)
  5 deep elf master archers
  A walking earthen tome (Zig:2)
  Murray (Depths:2)
  3 walking frostbound tomes (Pan)
  6 death cobs
  19 searing wretches
  12 sphinxes
  Frances (Swamp:1)
  28 ancient champions
  25 Executioners
  23 acid blobs
  Kirke (Lair:3)
  11 shadow dragons
  8 tengu reavers
  11 storm dragons
  7 thorn hunters
  4 draconian monks
  3 revenants
  9 draconian knights
  5 fenstrider witches
  15 rockslimes
  Donald (Swamp:2)
  10 protean progenitors
  20 fire giants
  7 nagarajas
  The ghost of Radamante the Peltast, a journeyman MiFi of Lugonu (Orc:1)
  14 azure jellies
  6 demonspawn warmongers (Pan)
  9 draconian scorchers
  A frost giant (shapeshifter) (Zig:4)
  10 deep elf sorcerers
  8 iron dragons
  5 frost giants
  3 emperor scorpions
  18 narguns
  7 ghost moths
  5 shard shrike simulacra
  2 angels (Depths:1)
  15 vault wardens
  49 balrugs
  6 quicksilver elementals
  5 curse skulls
  6 draconian shifters
  18 cacodemons
  2 spectral caustic shrikes
  4 deep elf elementalists
  2 juggernaut zombies (Depths:2)
  6 draconian stormcallers
  2 caustic shrike zombies
  6 very ugly things
  32 reapers
  17 ghouls
  6 juggernaut skeletons
  20 ironbound preservers
  4 formless jellyfish
  3 broodmothers
  3 orc warlords
  10 quicksilver oozes
  11 draconian annihilators
  18 stone giants
  15 vampire knights
  10 demonspawn corrupters (Pan)
  A broodmother (shapeshifter) (Abyss:4)
  4 demonspawn blood saints (Pan)
  An ironbound thunderhulk (Vaults:1)
  4 caustic shrike skeletons
  5 deep elf demonologists
  17 elemental wellsprings
  11 demonspawn black suns (Pan)
  9 deep elf annihilators
  9 putrid mouths
  13 deep elf death magi
  7 green draconians
  11 eleionomae
  15 lorocyprocas
  9 purple draconians
  13 white draconians
  20 dire elephants
  9 red draconians
  6 yellow draconians
  8 bunyips
  A spectral titan (Tar:7)
  14 wendigos
  10 bennus
  35 war gargoyles
  12 black draconians
  8 eidola
  23 blizzard demons
  3 spectral quicksilver dragons
  20 green deaths
  6 spark wasps
  13 iron golems
  19 mummy priests
  14 fire dragons
  11 ettins
  9 entropy weavers
  8 jiangshi
  3 crystal guardians
  2 shambling mangroves
  8 deep elf high priests
  2 spectral spriggans
  A spectral fenstrider witch (Tar:1)
  8 great orbs of eyes
  7 ice dragons
  A quicksilver dragon skeleton (Depths:3)
  8 yaktaur captains
  4 caustic shrike simulacra
  12 hydras
  31 vault guards
  2 spriggan zombies
  An alligator (shapeshifter) (Abyss:4)
  A demonspawn (Orc:2)
  3 jorogumos
  4 alligators
  8 rakshasas
  8 salamander tyrants
  2 spriggan skeletons
  A peacekeeper (Vaults:1)
  7 ogre magi
  7 juggernaut simulacra
  3 merfolk aquamancers (Pan)
  23 stokers
  4 ghost crabs
  2 spriggan air magi
  12 hell beasts
  2 anacondas
  2 sphinx zombies (Depths:2)
  23 centaur warriors
  8 ironbound frosthearts
  4 radroaches
  A fenstrider witch skeleton (Crypt:2)
  6 deep troll shamans
  16 boulder beetles
  28 dancing weapons
  4 satyrs
  4 death knights
  9 two-headed ogres
  68 death scarabs
  A titan zombie (Tomb:3)
  4 spectral nagas
  9 tengu warriors
  11 deep troll earth magi
  3 orc high priests (Orc:2)
  3 sphinx skeletons (Depths:2)
  5 thrashing horrors (Abyss:4)
  3 spectral emperor scorpions (Pan)
  39 hell hogs
  14 demonic crawlers
  2 spectral dire elephants
  2 occultists
  A naga warrior (Zig:8)
  2 shock serpents (shapeshifter)
  6 vampire magi
  6 hell knights
  5 spriggan berserkers
  3 naga sharpshooters (WizLab)
  7 shock serpents
  4 crystal echidnas (Dis:7)
  55 sun demons
  6 hellephant skeletons (Pan)
  23 deep elf knights
  42 skeletal warriors
  5 pharaoh ants
  A ghost moth zombie (Crypt:1)
  33 soul eaters
  7 iron trolls
  26 sixfirhies
  A spatial maelstrom (Abyss:4)
  2 titan skeletons (Depths:2)
  19 shadow wraiths
  4 skysharks
  62 deep trolls
  A sea snake (shapeshifter) (D:8)
  11 flayed ghosts
  6 spriggan druids
  5 goliath frogs
  3 naga ritualists
  4 swamp dragons
  2 quicksilver dragon simulacra
  A glowing orange brain (shapeshifter) (Vaults:2)
  21 shadow demons
  11 sun moths
  2 tengu zombies
  2 golden dragon skeletons (Depths:2)
  An orb spider (Spider:1)
  11 arcanists
  6 bog bodies
  14 deep elf archers
  16 steelbarb worms
  15 phantasmal warriors
  4 glowing orange brains
  33 deep elf zephyrmancers
  3 spriggan simulacra
  A bunyip skeleton (Tomb:2)
  4 harpies
  A spectral hydra (Lair:2)
  10 lindwurms
  14 orc knights
  42 deep elf pyromancers
  2 iron dragon zombies
  10 necromancers
  18 ironbound convokers
  11 wolf spiders
  A fire giant zombie (Depths:2)
  A manticore (D:13)
  4 oklob plants (WizLab)
  A cyclops (shapeshifter) (Zig:4)
  A tengu skeleton (Depths:1)
  An alligator zombie (Tomb:1)
  10 orc sorcerers
  A frost giant zombie (Depths:2)
  23 ugly things
  6 will-o-the-wisps
  3 cyclopes
  3 fauns (WizLab)
  An alligator skeleton (Tomb:1)
  8 shining eyes
  A meliai (shapeshifter) (D:13)
  A worldbinder (Orc:1)
  A frost giant skeleton (Depths:2)
  25 moths of wrath
  A kobold blastminer (Orc:2)
  A naga mage (Depths:1)
  13 black mambas
  A dire elephant zombie (Crypt:1)
  Joseph (D:7)
  A centaur zombie (Tomb:2)
  4 rust devils
  8 meliai
  40 smoke demons
  18 vault sentinels
  11 ice statues
  2 titan simulacra
  19 elephants
  9 cane toads
  4 Executioner simulacra (Pan)
  A black mamba (shapeshifter) (D:15)
  A gargoyle (D:7)
  A guardian serpent (Zig:8)
  4 eyes of devastation
  2 molten gargoyles (Lair:5)
  24 orange demons
  5 torpor snails
  2 dire elephant skeletons (Crypt:2)
  2 naga skeletons (Tomb:1)
  A centaur skeleton (Crypt:3)
  A rime drake (shapeshifter) (Orc:1)
  13 komodo dragons
  18 hellions
  58 large abominations
  8 rime drakes
  14 unseen horrors
  An alligator snapping turtle skeleton (Crypt:3)
  8 efreet
  3 human zombies
  6 freezing wraiths
  A minotaur zombie (Crypt:1)
  4 anaconda simulacra
  2 tengu conjurers (Depths:1)
  27 yaktaurs
  2 ancient zymes (Abyss:4)
  3 kobold demonologists
  A bunyip simulacrum (Crypt:3)
  A death yak skeleton (Crypt:2)
  22 tormentors
  An iron giant simulacrum (Coc:7)
  55 guardian mummies
  A hydra zombie (Crypt:3)
  3 polar bears
  4 red devils (Pan)
  10 ice devils
  A harpy zombie (Crypt:1)
  2 spectral harpies
  4 trolls
  A queen bee (Spider:3)
  5 tyrant leeches
  A bloated husk (Swamp:2)
  43 hellwings
  A hornet (shapeshifter) (Abyss:4)
  2 tengu simulacra
  14 hornets
  A snapping turtle (Spider:2)
  Grinder (D:5)
  4 harpy skeletons
  2 raiju (Abyss:4)
  15 dream sheep
  12 tarantellas
  23 blink frogs
  A snapping turtle (shapeshifter) (Vaults:2)
  4 ettin zombies
  An iron dragon simulacrum (Coc:7)
  A stone giant simulacrum (Depths:1)
  6 glass eyes
  A human simulacrum (Vaults:1)
  A dream sheep (shapeshifter) (Vaults:5)
  87 slime creatures
  An ice dragon skeleton (Crypt:3)
  13 jumping spiders
  A spectral black mamba (Lair:2)
  15 culicivoras
  A slime creature (shapeshifter) (Vaults:2)
  13 water elementals
  An air elemental (Zig:9)
  A centaur simulacrum (Crypt:1)
  A draconian simulacrum (Crypt:2)
  2 dire elephant simulacra (Coc:7)
  5 spriggans
  An ettin skeleton (Crypt:2)
  A fire elemental (Elf:2)
  7 wyverns
  A yak (shapeshifter) (D:15)
  35 ynoxinuls
  5 wraiths
  12 humans
  47 yaks
  24 golden eyes
  A human (shapeshifter) (D:15)
  11 ushabtiu
  5 basilisks
  A spectral komodo dragon (Lair:2)
  A hog (Lair:4)
  Eustachio (D:5)
  A basilisk (shapeshifter) (Abyss:4)
  2 wargs (Orc:2)
  A redback (shapeshifter) (Vaults:2)
  14 vampire mosquitoes
  7 neqoxecs
  29 redbacks
  2 steam dragons (Lair:5)
  15 chaos spawn
  3 nagas
  10 small abominations
  5 harpy simulacra
  An entropy weaver zombie (Crypt:3)
  9 hell hounds
  3 hydra simulacra
  A water nymph zombie (Crypt:2)
  14 water moccasins
  15 swamp worms
  An acid dragon (D:10)
  2 swamp drakes
  31 orc warriors
  A spectral blink frog (Lair:2)
  A swamp dragon zombie (Crypt:1)
  5 ice beasts
  4 black bears
  An elf simulacrum (Vaults:3)
  5 ettin simulacra
  15 laughing skulls
  A merfolk simulacrum (Coc:2)
  22 wolves
  9 ogres
  7 centaurs
  A boggart (Vaults:4)
  A hog skeleton (Crypt:1)
  2 phantoms (D:7)
  A rime drake skeleton (Crypt:2)
  4 kobold brigands
  A gnoll sergeant (D:8)
  3 brain worms
  2 elf skeletons
  21 bullfrogs
  2 earth elementals
  7 scorpions
  A human skeleton (Vaults:1)
  16 wights
  A queen bee zombie (Crypt:1)
  A water moccasin skeleton (Crypt:3)
  A polar bear zombie (Crypt:3)
  19 killer bees
  A bullfrog (shapeshifter) (Vaults:5)
  2 howler monkeys
  A bombardier beetle (D:5)
  8 electric eels
  3 lava snakes (Lair:5)
  Crazy Yiuf (D:4)
  2 jellies (D:5)
  23 orc priests
  A basilisk zombie (Crypt:2)
  3 hounds
  19 starcursed masses (Abyss:4)
  A sleepcap (D:6)
  2 iguanas (D:6)
  13 orc wizards
  A brain worm zombie (Crypt:1)
  An ogre skeleton (Crypt:3)
  40 mummies
  15 gnolls
  4 adders
  A steam dragon skeleton (Crypt:3)
  3 white imps
  4 ufetubi (Abyss:4)
  12 dart slugs
  A ribbon worm (D:4)
  68 orcs
  6 endoplasms
  10 giant cockroaches
  12 goblins
  14 hobgoblins
  8 jackals
  14 kobolds
  3 quokkas
  5 ball pythons
  8 bats
  4 frilled lizards
  A giant cockroach zombie (Crypt:2)
  A kobold zombie (Crypt:1)
  4 rats
  2 aspiring fleshes
  4 ball lightnings (Pan)
  6 fire vortices
  A lurking horror (Abyss:4)
  A starspawn tentacle (Pan)
3974 creatures vanquished.

Vanquished Creatures (collateral kills)
  A shard shrike (Coc:5)
  A caustic shrike (Dis:7)
  A Hell Sentinel (Dis:7)
  An Ice Fiend (Geh:2)
  An iron giant (Dis:2)
  3 titans (Coc:6)
  A deep elf master archer (WizLab)
  A quicksilver dragon (Zot:2)
  A nargun (Coc:5)
  2 fenstrider witches
  An emperor scorpion (Spider:4)
  An iron dragon (Dis:7)
  2 ghouls (Crypt:1)
  2 demonspawn corrupters (Pan)
  A stone giant (Vaults:5)
  A purple draconian (Zot:2)
  2 war gargoyles (Dis:7)
  An ettin (Vaults:5)
  A deep elf high priest (Vaults:5)
  A yaktaur captain (Vaults:5)
  A ghost crab (Lair:2)
  A great orb of eyes (Abyss:4)
  4 hydras
  3 vault guards
  6 dancing weapons (Elf:2)
  2 demonic crawlers (Spider:4)
  A titan skeleton (Crypt:1)
  2 crystal echidnas (Dis:7)
  A deep elf archer (WizLab)
  2 bog bodies (Crypt:1)
  An orb spider (Spider:2)
  A flayed ghost (Vaults:5)
  An obsidian bat (Abyss:4)
  A deep elf pyromancer (Elf:2)
  A deep elf zephyrmancer (Elf:2)
  A wolf spider (Spider:2)
  A will-o-the-wisp (Swamp:3)
  2 meliai
  2 vault sentinels (Vaults:5)
  A titan simulacrum (Coc:4)
  A rime drake (Lair:4)
  A yaktaur (shapeshifter) (Abyss:4)
  3 hornets
  2 tyrant leeches
  A dream sheep (Lair:4)
  A stone giant simulacrum (Coc:6)
  A jumping spider (Spider:2)
  2 spriggans (Swamp:1)
  A ynoxinul (Abyss:4)
  A redback (Spider:2)
  A human (Bailey)
  A spatial vortex (Abyss:4)
  A swamp worm (Swamp:3)
  A swamp drake (Swamp:1)
  A laughing skull (Crypt:1)
  A bullfrog (Lair:4)
  An orc (Bailey)
  A goblin (Bailey)
  A fire vortex (Pan)
84 creatures vanquished.

Vanquished Creatures (others)
  A royal mummy (Tomb:1)
  A titan (Pan)
  2 eldritch tentacles (Pan)
  A shadow dragon (Depths:4)
  A draconian knight (Zot:3)
  2 war gargoyles (Dis:1)
  2 green deaths (Pan)
  2 blizzard demons (Pan)
  An ice dragon (Depths:1)
  A caustic shrike simulacrum (Coc:5)
  2 alligators
  A juggernaut simulacrum (Coc:4)
  An anaconda (Zig:8)
  A deep elf knight (Elf:1)
  2 deep elf pyromancers
  A deep elf zephyrmancer (Elf:3)
  A necromancer (Hell)
  A meliai (Spider:4)
  3 smoke demons (Pan)
  An orange demon (Pan)
  A hellion (Coc:7)
  A tormentor (Coc:7)
  5 hellwings (Pan)
  5 bloated husks
  Prince Ribbit (Bailey)
  A slime creature (Vaults:4)
  A dire elephant simulacrum (Coc:4)
  A water elemental (Depths:1)
  2 chaos spawn
  3 harpy simulacra
  A bullfrog (Bailey)
  A naga simulacrum (Hell)
  13 ball lightnings (Pan)
  4 creeping infernos
  2 fire vortices
  24 foxfires
  2 lurking horrors (Abyss:4)
  6 starspawn tentacles (Pan)
102 creatures vanquished.

Grand Total: 4160 creatures vanquished

Notes
Turn   | Place    | Note
-------+----------+-------------------------------------------
     0 | D:1      | december12 the Coglin Artificer began the quest for the
                  | Orb.
     0 | D:1      | Reached XP level 1. HP: 15/15 MP: 1/1
    91 | D:1      | Reached XP level 2. HP: 20/22 MP: 2/2
   251 | D:1      | Reached XP level 3. HP: 28/28 MP: 3/3
   281 | D:1      | Got Gecs's Thoughts on Gusts
   826 | D:2      | Reached XP level 4. HP: 33/37 MP: 4/4
  1000 | D:2      | Identified the +5 mace of the Genius {flame, Str+4 Int+2}
  1745 | D:3      | Found an ancient bone altar of Kikubaaqudgha.
  2014 | D:3      | Reached XP level 5. HP: 42/43 MP: 5/5
  2083 | D:3      | Found a snail-covered altar of Cheibriados.
  2259 | D:4      | Reached skill level 5 in Fighting
  2432 | D:4      | Found a runed translucent door.
  2433 | D:4      | Noticed Crazy Yiuf
  2499 | D:4      | Reached XP level 6. HP: 49/52 MP: 6/6
  2764 | D:4      | Found an ornate altar of the Wu Jian Council.
  3101 | D:4      | Killed Crazy Yiuf
  3136 | D:5      | Entered Level 5 of the Dungeon
  3403 | D:5      | Noticed Grinder
  3411 | D:5      | Paralysed by Grinder for 2 turns
  3416 | D:5      | Killed Grinder
  3417 | D:5      | Reached XP level 7. HP: 60/61 MP: 7/7
  3426 | D:5      | Noticed Eustachio
  3435 | D:5      | Killed Eustachio
  3543 | D:5      | Found a hide-covered altar of Uskayaw.
  3597 | D:5      | Found a shadowy altar of Dithmenos.
  3692 | D:5      | You fall into a shaft and drop 2 floors!
  3715 | D:7      | Reached XP level 8. HP: 70/70 MP: 8/8
  3804 | D:7      | Reached skill level 1 in Long Blades
  3804 | D:7      | Reached skill level 1 in Dodging
  3823 | D:7      | Found a basalt altar of Yredelemnul.
  3994 | D:7      | Found a glowing golden altar of the Shining One.
  4078 | D:7      | Noticed Joseph
  4095 | D:7      | Killed Joseph
  4096 | D:7      | Found a flagged portal.
  4111 | Bailey   | Entered a bailey
  4284 | Bailey   | Reached XP level 9. HP: 57/77 MP: 9/9
  4357 | Bailey   | Reached skill level 5 in Long Blades
  4390 | Bailey   | Reached skill level 10 in Fighting
  4577 | Bailey   | Noticed Prince Ribbit
  4595 | Bailey   | Your ally Prince Ribbit died
  4605 | Bailey   | Noticed a vault guard
  4614 | Bailey   | Killed a vault guard
  4615 | Bailey   | Reached skill level 5 in Dodging
  4615 | Bailey   | Reached XP level 10. HP: 44/86 MP: 10/10
  4740 | Bailey   | Noticed a vault guard
  4751 | Bailey   | Killed a vault guard
  5916 | D:6      | Found a staircase to the Ecumenical Temple.
  5978 | Temple   | Entered the Ecumenical Temple
  5983 | Temple   | Became a worshipper of Trog the Wrathful
  6356 | D:7      | Noticed a gargoyle
  6381 | D:7      | Killed a gargoyle
  6662 | D:8      | Noticed a sea snake
  6673 | D:8      | Killed a sea snake
  6887 | D:8      | Reached XP level 11. HP: 82/95 MP: 11/11
  7155 | D:8      | Reached * piety under Trog
  7161 | D:8      | Found Goshriz's Book Shoppe.
  7256 | D:8      | Found an opulent altar of Gozag.
  7845 | D:9      | Found a shimmering blue altar of Sif Muna.
  8022 | D:9      | Found a staircase to the Lair.
  8169 | D:9      | Found a hazy altar of Hepliaklqana.
  8197 | D:9      | Reached skill level 5 in Evocations
  8859 | D:10     | Entered Level 10 of the Dungeon
  8917 | D:10     | Noticed a two-headed ogre
  8922 | D:10     | Killed a two-headed ogre
  8923 | D:10     | Reached skill level 10 in Long Blades
  9027 | D:10     | Found a blossoming altar of Fedhas.
  9030 | D:10     | Identified the +1 ring mail "Ipnehev" {rC+ Will++ Str+3}
  9071 | D:10     | Reached ** piety under Trog
  9359 | D:10     | Found a sparkling altar of Nemelex Xobeh.
  9359 | D:10     | Found a transporter.
  9360 | D:10     | Noticed a yaktaur captain
  9361 | D:10     | Noticed a centaur warrior
  9382 | D:10     | Found a broken altar of Ashenzari.
  9384 | D:10     | Found a radiant altar of Vehumet.
  9578 | D:11     | Noticed a two-headed ogre
  9584 | D:11     | Killed a two-headed ogre
  9957 | D:11     | Noticed a two-headed ogre
  9963 | D:11     | Killed a two-headed ogre
  9964 | D:11     | Reached XP level 12. HP: 82/103 MP: 12/12
 10816 | D:12     | Found a staircase to the Orcish Mines.
 11489 | D:13     | Found Wacyff Ohoa's Antique Armour Shop.
 11857 | D:13     | Noticed a centaur warrior
 11870 | D:13     | Killed a centaur warrior
 11871 | D:13     | Reached skill level 5 in Armour
 11903 | D:13     | Noticed a centaur warrior
 11933 | D:13     | Noticed a boulder beetle
 11947 | D:13     | Killed a boulder beetle
 12104 | D:13     | Noticed an ironbound frostheart
 12105 | D:13     | Noticed a vault guard
 12107 | D:13     | Noticed a vault guard
 12109 | D:13     | Found a gate to the Vaults.
 12111 | D:13     | Killed a vault guard
 12112 | D:13     | Killed a vault guard
 12130 | D:13     | Killed an ironbound frostheart
 12130 | D:13     | Reached *** piety under Trog
 12220 | D:13     | Noticed a boulder beetle
 12234 | D:13     | Killed a centaur warrior
 12240 | D:13     | Killed a boulder beetle
 12421 | D:13     | Noticed a tengu warrior
 12421 | D:13     | Noticed a tengu warrior
 12435 | D:13     | Killed a tengu warrior
 12444 | D:13     | Killed a tengu warrior
 12445 | D:13     | Reached XP level 13. HP: 77/111 MP: 13/13
 12630 | D:13     | Found a blossoming altar of Fedhas.
 12810 | D:13     | Identified the +6 flail of Revolt {chaos, Str+4}
 13197 | D:14     | HP: 5/111 [fire elemental[a deep elf pyromancer] (12)]
 14268 | D:15     | Entered Level 15 of the Dungeon
 14277 | D:15     | Identified the orb of the Ancient Nights {*channel, rF++
                  | rC+ Will+}
 15063 | D:15     | Reached skill level 1 in Throwing
 15795 | D:15     | Found a staircase to the Depths.
 15795 | D:15     | Noticed a stone giant
 16061 | D:15     | Killed a stone giant
 16061 | D:15     | Reached **** piety under Trog
 16401 | Lair:1   | Entered Level 1 of the Lair of Beasts
 16508 | Orc:1    | Entered Level 1 of the Orcish Mines
 16508 | Orc:1    | Found a transporter.
 16688 | Orc:1    | Found a transporter.
 16696 | Orc:1    | Found a one-way gate to the infinite horrors of the Abyss.
 16696 | Orc:1    | Noticed Radamante's ghost (journeyman MiFi)
 16734 | Orc:1    | Noticed an orc warlord
 16752 | Orc:1    | Reached XP level 14. HP: 99/119 MP: 14/14
 17099 | D:12     | Acquired an adeledicnander capacitor {rElec rF+ Regen+
                  | RegenMP+}
 17537 | Orc:1    | Found a transporter.
 17781 | Orc:1    | Found a transporter.
 17962 | Orc:2    | Entered Level 2 of the Orcish Mines
 17963 | Orc:2    | Found a staircase to the Elven Halls.
 18188 | Orc:2    | Reached ***** piety under Trog
 18593 | Orc:2    | Received a gift from Trog
 18945 | Orc:2    | Found Omuott's Distillery.
 18956 | Orc:2    | Found Kas Xelo's Magic Scroll Shop.
 19027 | Orc:2    | Bought 2 potions of curing for 96 gold pieces
 19029 | Orc:2    | Bought a scroll of revelation for 97 gold pieces
 19029 | Orc:2    | Bought a scroll of noise for 13 gold pieces
 19029 | Orc:2    | Bought a scroll of teleportation for 39 gold pieces
 19030 | Orc:2    | Bought a scroll of butterflies for 52 gold pieces
 19030 | Orc:2    | Bought a scroll of identify for 26 gold pieces
 19030 | Orc:2    | Bought a scroll of identify for 26 gold pieces
 19030 | Orc:2    | Bought a scroll of identify for 26 gold pieces
 19033 | Orc:2    | Identified a scroll of acquirement
 19386 | Orc:2    | Found Xuth's Jewellery Shoppe.
 19386 | Orc:2    | Found Jaarirch's Antique Armour Emporium.
 19387 | Orc:2    | Found a one-way gate leading to the halls of Pandemonium.
 20169 | Lair:2   | Received a gift from Trog
 20477 | Lair:2   | Reached XP level 15. HP: 90/127 MP: 5/15
 20542 | Lair:2   | Reached skill level 15 in Long Blades
 20542 | Lair:2   | Reached skill level 10 in Evocations
 20632 | Lair:2   | Reached skill level 10 in Dodging
 20814 | Lair:2   | Found a staircase to the Swamp.
 21239 | Lair:3   | Found a hole to the Spider Nest.
 21729 | Lair:4   | Noticed Kirke
 21742 | Lair:3   | Killed Kirke
 21742 | Lair:3   | Reached ****** piety under Trog
 21844 | Lair:4   | Received a gift from Trog
 22021 | Lair:4   | Reached skill level 15 in Fighting
 22091 | Lair:5   | Entered Level 5 of the Lair of Beasts
 22405 | Lair:5   | Found a staircase to the Slime Pits.
 22524 | Lair:5   | Reached XP level 16. HP: 73/136 MP: 5/16
 22588 | Lair:5   | Found a large runed translucent door.
 22589 | Lair:5   | Found a large runed translucent door.
 22762 | Lair:5   | Received a gift from Trog
 23122 | Lair:5   | Got an earthy gem with 302 turns to spare
 24144 | D:10     | Acquired a manual of Dodging
 24224 | D:13     | Bought a translucent ring mail for 315 gold pieces
 24224 | D:13     | Identified the +0 ring mail of Ypenk {rC+ Dex+3 Stlth+}
                  | (You bought it in a shop on level 13 of the Dungeon)
 24376 | Spider:1 | Entered Level 1 of the Spider Nest
 24395 | Spider:1 | You fall into a shaft and drop 1 floor!
 25550 | Spider:2 | Received a gift from Trog
 26507 | Spider:3 | Reached XP level 17. HP: 142/142 MP: 5/17
 27101 | Spider:3 | Received a gift from Trog
 27638 | Spider:4 | Entered Level 4 of the Spider Nest
 28030 | Spider:4 | Reached skill level 1 in Shapeshifting
 28729 | Spider:4 | Reached skill level 15 in Evocations
 29022 | Spider:4 | Got a gossamer rune of Zot
 29126 | Spider:4 | Found the -2 hat of the Alchemist {rElec rPois rF+ rC+ rN+
                  | Will+ rMut rCorr}
 29284 | Spider:4 | Reached skill level 10 in Armour
 29466 | Spider:4 | Noticed Arachne
 29477 | Spider:4 | Killed Arachne
 29844 | Swamp:1  | Entered Level 1 of the Swamp
 29976 | Swamp:1  | Received a gift from Trog
 30022 | Swamp:1  | Reached XP level 18. HP: 23/151 MP: 6/18
 30813 | Swamp:2  | Noticed Donald
 30947 | Swamp:2  | Noticed Frances
 30962 | Swamp:1  | Killed Frances
 31226 | Swamp:2  | Received a gift from Trog
 31811 | Swamp:2  | Killed Donald
 32198 | Swamp:3  | Identified the +3 war axe of Peace {freeze, *Rage Fly
                  | rCorr}
 32459 | Swamp:4  | Entered Level 4 of the Swamp
 32474 | Swamp:4  | Reached skill level 15 in Dodging
 32555 | Swamp:4  | Noticed a tentacled monstrosity
 32569 | Swamp:4  | Killed a tentacled monstrosity
 33233 | Swamp:4  | Got a decaying rune of Zot
 33368 | Swamp:4  | Noticed a tentacled monstrosity
 33383 | Swamp:4  | Killed a tentacled monstrosity
 33470 | Swamp:4  | Reached XP level 19. HP: 161/161 MP: 6/19
 33939 | Elf:1    | Entered Level 1 of the Elven Halls
 33939 | Elf:1    | Found a runed translucent gate.
 33939 | Elf:1    | Found a runed translucent gate.
 33939 | Elf:1    | Found a runed translucent gate.
 33939 | Elf:1    | Found a runed translucent gate.
 33939 | Elf:1    | Found a runed translucent gate.
 33939 | Elf:1    | Found a runed translucent gate.
 33941 | Elf:1    | Found a runed translucent door.
 33962 | Elf:1    | Found a flickering gateway to a bazaar.
 33972 | Bazaar   | Entered a bazaar
 33972 | Bazaar   | Found Ebbocoku's Book Boutique.
 33972 | Bazaar   | Found Hiep's Magic Scroll Shoppe.
 33972 | Bazaar   | Found Wozu's Weapon Shop.
 33972 | Bazaar   | Found Gymnon's Jewellery Shoppe.
 33974 | Bazaar   | Found Vegileq's General Store.
 34009 | Bazaar   | Bought a scroll of teleportation for 33 gold pieces
 34009 | Bazaar   | Bought a scroll of fog for 44 gold pieces
 34009 | Bazaar   | Bought a scroll of acquirement for 572 gold pieces
 34014 | Bazaar   | Bought a granite talisman for 720 gold pieces
 34028 | Bazaar   | Bought a wand of warping (5) for 180 gold pieces
 34327 | Elf:1    | Received a gift from Trog
 34337 | Elf:1    | Found a runed translucent door.
 34405 | Elf:1    | Reached skill level 5 in Shapeshifting
 35513 | Elf:1    | Identified the ring "Touc" {rC+ rN+ Will+ Slay+6 Stlth+}
 35707 | Elf:2    | Received a gift from Trog
 36192 | Elf:2    | Found a huge runed translucent gate.
 36192 | Elf:2    | Found a huge runed translucent gate.
 36192 | Elf:2    | Found a huge runed translucent gate.
 36192 | Elf:2    | Found a huge runed translucent gate.
 36195 | Elf:2    | Found a huge runed translucent gate.
 36449 | Elf:2    | Reached skill level 10 in Shapeshifting
 36667 | Elf:2    | Reached XP level 20. HP: 152/168 MP: 6/20
 36922 | Elf:3    | Entered Level 3 of the Elven Halls
 37025 | Elf:3    | Found a radiant altar of Vehumet.
 37187 | Elf:3    | Received a gift from Trog
 37637 | Elf:3    | Identified the +9 battleaxe of the Fool {venom, rN+ Will+
                  | Str+3 Int+5}
 37656 | Elf:3    | Identified the +8 scimitar of Hoaral {heavy, rN+ Str+3
                  | Int+3}
 37802 | Elf:3    | Identified the +0 pearl dragon scales of Odiujoll {Harm
                  | Rampage rN+ Str-2 Slay+3}
 37850 | Elf:3    | Received a gift from Trog
 37879 | Elf:3    | Identified the +1 halberd of Saltpetre {chaos, MP+9 Int+4}
 37879 | Elf:3    | Identified the ring "Runanis" {rPois rC+ Str+3 Dex+6 SInv}
 37987 | Elf:3    | Identified the +2 chain mail of Eternity {Rampage +Blink}
 37993 | Elf:3    | Identified the +1 short sword of the Moon {flame, rN+ Dex+3
                  | Stlth+}
 37999 | Elf:3    | Identified the staff "Mentoic" {rC+ Str+3 Int+2 Ice}
 38014 | Elf:3    | Identified the +1 pair of boots "Geibloo" {rPois Str+3}
 38294 | Vaults:1 | Entered Level 1 of the Vaults
 38656 | Vaults:1 | Identified the +5 great sword of Ybre {speed, Str+3 Stlth+}
 38883 | Vaults:1 | Received a gift from Trog
 39073 | Vaults:1 | Identified the +1 leather armour of the Skiapode {rCorr
                  | Stlth+}
 39285 | Vaults:1 | Reached XP level 21. HP: 162/174 MP: 7/21
 39496 | Vaults:2 | Reached skill level 15 in Shapeshifting
 40120 | Vaults:2 | Found Ucrog's Weapon Boutique.
 40134 | Vaults:2 | Bought a +4 double sword for 740 gold pieces
 40426 | Vaults:2 | Found Xydiurph's Distillery.
 40432 | Vaults:2 | Bought a potion of ambrosia for 120 gold pieces
 40432 | Vaults:2 | Bought a potion of attraction for 45 gold pieces
 40432 | Vaults:2 | Bought a potion of curing for 45 gold pieces
 40432 | Vaults:2 | Bought a potion of curing for 45 gold pieces
 40432 | Vaults:2 | Bought a potion of might for 60 gold pieces
 40432 | Vaults:2 | Bought 2 potions of enlightenment for 150 gold pieces
 40898 | Vaults:3 | Received a gift from Trog
 41557 | Vaults:3 | Found a staircase to the Crypt.
 41557 | Vaults:3 | Found an ancient bone altar of Kikubaaqudgha.
 41558 | Vaults:3 | Found a basalt altar of Yredelemnul.
 41624 | Vaults:3 | Found Boirph's Antique Armour Boutique.
 41631 | Vaults:3 | Bought a polished cloak for 266 gold pieces
 41631 | Vaults:3 | Identified the +0 cloak of Spaghetti {rF+ Int+3 SInv} (You
                  | bought it in a shop on level 3 of the Vaults)
 42020 | Vaults:4 | Reached XP level 22. HP: 147/183 MP: 7/22
 42061 | Vaults:4 | Received a gift from Trog
 42701 | Vaults:4 | Received a gift from Trog
 43026 | Vaults:5 | Entered Level 5 of the Vaults
 43026 | Vaults:5 | Noticed a dread lich
 43038 | Vaults:4 | Killed a dread lich
 43105 | Vaults:5 | Noticed a dread lich
 43105 | Vaults:5 | Noticed a golden dragon
 43220 | Vaults:5 | Paralysed by a dread lich for 3 turns
 43229 | Vaults:5 | Killed a dread lich
 43291 | Vaults:5 | Killed a golden dragon
 43369 | Vaults:5 | Received a gift from Trog
 43538 | Vaults:5 | Noticed Mara
 43541 | Vaults:5 | Noticed december12's illusion
 43552 | Vaults:5 | Killed Mara
 43553 | Vaults:5 | Reached XP level 23. HP: 180/190 MP: 1/23
 43583 | Vaults:5 | Identified the +10 great sword "Rumoshrou" {freeze, *Slow
                  | rC++ SInv Stlth+}
 43588 | Vaults:5 | Identified the +5 leather armour of Faed {Slay+5}
 43613 | Vaults:5 | Identified the +1 plate armour of Light {rElec rN+ rCorr
                  | Stlth+}
 43826 | Vaults:5 | Got a silver rune of Zot
 43902 | Vaults:5 | Identified the +1 buckler "Ratul" {Rampage rPois rC- Str+5}
 44208 | Vaults:5 | Found Zonal's Distillery.
 44217 | Vaults:5 | Bought a potion of haste for 130 gold pieces
 44217 | Vaults:5 | Bought a potion of resistance for 130 gold pieces
 44217 | Vaults:5 | Bought a potion of curing for 39 gold pieces
 44217 | Vaults:5 | Bought a potion of curing for 39 gold pieces
 44217 | Vaults:5 | Bought a potion of resistance for 130 gold pieces
 44217 | Vaults:5 | Bought a potion of heal wounds for 65 gold pieces
 44217 | Vaults:5 | Bought a potion of heal wounds for 65 gold pieces
 44217 | Vaults:5 | Bought a potion of lignification for 39 gold pieces
 44261 | Vaults:5 | Identified the staff "Gram" {rPois Dex+5 Alchemy}
 44405 | Vaults:5 | Found Noofefes's Distillery.
 44527 | Vaults:5 | Identified the ring "Gownae" {rPois rC- rCorr Str+3}
 44567 | Vaults:5 | Found Beallaat's Distillery.
 44575 | Vaults:5 | Found Didolae's Antique Armour Shoppe.
 44576 | Vaults:5 | Found Ytazovu's Distillery.
 44823 | Vaults:5 | Upgraded the game from 0.32-a0-768-g0f6f1dd to
                  | 0.32-a0-779-g362cfca
 44936 | Crypt:1  | Entered Level 1 of the Crypt
 45077 | Crypt:1  | Received a gift from Trog
 45975 | Crypt:1  | Found a basalt altar of Yredelemnul.
 46138 | Crypt:2  | Found a magical portal.
 46151 | WizLab   | Entered Eringya's Formal Garden
 46188 | WizLab   | Received a gift from Trog
 46421 | WizLab   | Reached XP level 24. HP: 200/200 MP: 7/23
 46698 | WizLab   | Found a blossoming altar of Fedhas.
 46870 | Crypt:2  | Reached XP level 25. HP: 207/207 MP: 7/23
 47025 | Crypt:2  | Received a gift from Trog
 47576 | Crypt:3  | Entered Level 3 of the Crypt
 47741 | Crypt:3  | Found a staircase to the Tomb.
 47908 | Crypt:2  | Found an ancient bone altar of Kikubaaqudgha.
 48035 | Crypt:3  | Noticed a dread lich
 48360 | Crypt:3  | Noticed an ancient lich
 48577 | Crypt:3  | Noticed a dread lich
 48587 | Crypt:3  | Killed an ancient lich
 48593 | Crypt:3  | Killed a dread lich
 48605 | Crypt:3  | Killed a dread lich
 48621 | Crypt:3  | Identified the staff "Natiquv" {rN+ Dex+8 Stlth- Necro}
 48888 | Depths:1 | Entered Level 1 of the Depths
 48904 | D:15     | Received a gift from Trog
 49242 | Depths:1 | Found Wiwotrea's Serpentskin Sales.
 49269 | Depths:1 | Found a one-way gateway to a ziggurat.
 49308 | Depths:1 | Found a broken altar of Ashenzari.
 49444 | Depths:1 | Found a shimmering altar of Xom.
 49531 | Depths:1 | Found a gateway to Hell.
 49637 | Depths:2 | Found Yfiojour's Book Emporium.
 49678 | Depths:1 | Reached XP level 26. HP: 216/216 MP: 7/23
 49717 | Depths:1 | Received a gift from Trog
 50034 | Depths:2 | Identified the +3 hand axe of Otaumiu {freeze, rPois rF+
                  | rC- Will+}
 50108 | Depths:2 | Identified the +3 robe "Xiroe" {-Tele *Slow rPois rC+++}
 50108 | Depths:2 | Noticed Boris
 50116 | Depths:2 | Killed Boris
 50253 | Depths:2 | Found Awnecug's Armour Shoppe.
 50253 | Depths:2 | Found Kuduown's Assorted Antiques.
 50254 | Depths:2 | Found Ruffyn's Antique Weapon Shoppe.
 50261 | Depths:2 | Found Adozypt's Distillery.
 50389 | Depths:2 | Found a runed translucent door.
 50391 | Depths:2 | Noticed Uthrocemmu's ghost (adept DsAl)
 50525 | Depths:2 | Found a stormy altar of Qazlal.
 50604 | Depths:2 | Killed Uthrocemmu's ghost
 50607 | Depths:2 | Received a gift from Trog
 51077 | Depths:3 | Found an iron altar of Okawaru.
 51086 | Depths:3 | Identified the +3 robe of Restlessness {Dex+5 Slay-5
                  | Archmagi}
 51086 | Depths:3 | Noticed Boris
 51098 | Depths:3 | Killed Boris
 51547 | Depths:3 | Received a gift from Trog
 51662 | Depths:4 | Entered Level 4 of the Depths
 51707 | Depths:4 | Found Lexzof's Book Shop.
 51708 | Depths:4 | Found Ineoxt's Jewellery Shoppe.
 51710 | Depths:4 | Found Diuwuyb's Book Shop.
 51924 | Depths:4 | Identified the +4 robe of the Game of Life {Rampage rCorr}
 51924 | Depths:4 | Noticed Boris
 51930 | Depths:4 | Killed Boris
 51988 | Depths:4 | Found a gate to the Realm of Zot.
 52575 | Depths:4 | Found a corrupted altar of Lugonu.
 52824 | Abyss:4  | Cast into level 4 of the Abyss (orc warlord)
 52846 | Abyss:4  | Found a corrupted altar of Lugonu.
 52855 | Abyss:4  | Reached XP level 27. HP: 222/222 MP: 7/23
 52874 | Abyss:4  | Paralysed by accursed screaming for 2 turns
 52876 | Abyss:4  | Found a corrupted altar of Lugonu.
 52894 | Abyss:4  | Found a corrupted altar of Lugonu.
 52913 | Abyss:4  | Got an abyssal rune of Zot
 52915 | Abyss:4  | Found a corrupted altar of Lugonu.
 52960 | Abyss:4  | Found a corrupted altar of Lugonu.
 52964 | Orc:1    | Escaped the Abyss
 53011 | Orc:1    | Killed Radamante's ghost
 53022 | Orc:1    | Identified the +7 halberd "Transmigrator" {protect,
                  | ^Fragile rElec rF+ Will+}
 53340 | Slime:1  | Entered Level 1 of the Pits of Slime
 53361 | Lair:5   | Received a gift from Trog
 54660 | Slime:3  | Received a gift from Trog
 55013 | Slime:5  | Entered Level 5 of the Pits of Slime
 55040 | Slime:5  | Noticed the Royal Jelly
 55244 | Slime:5  | Killed the Royal Jelly
 55255 | Slime:5  | HP: 11/224 [rockslime (22)]
 55467 | Slime:5  | Got a slimy rune of Zot
 55474 | Slime:5  | Found the +15 Maxwell's patent armour {-Cast -Tele rElec
                  | Will+ rCorr}
 55491 | Slime:5  | Identified the +1 scale mail "Omothrugg" {Harm Dex+5}
 55492 | Slime:5  | Identified the +6 dagger of Beogh's Approval {flame, rC+
                  | Int+5}
 55543 | Slime:5  | Identified the ring of the Dull God {rC+ Will+ Str+6}
 56603 | Vaults:5 | Bought a potion of experience for 700 gold pieces
 56911 | Zig:1    | Entered Level 1 of a ziggurat
 56930 | Zig:2    | Entered Level 2 of a ziggurat
 56956 | Zig:3    | Entered Level 3 of a ziggurat
 56978 | Zig:4    | Entered Level 4 of a ziggurat
 56998 | Zig:4    | Received a gift from Trog
 57037 | Zig:5    | Entered Level 5 of a ziggurat
 57068 | Zig:5    | Identified the +1 robe of the Vacuum {Dex+4}
 57074 | Zig:6    | Entered Level 6 of a ziggurat
 57084 | Zig:6    | Noticed an ancient lich
 57093 | Zig:6    | Killed an ancient lich
 57170 | Zig:7    | Entered Level 7 of a ziggurat
 57234 | Zig:7    | Reached skill level 15 in Armour
 57331 | Zig:7    | Identified the +6 mace of the Fortifying Gods {spect, Str-3
                  | Int+4 Dex+3}
 57347 | Zig:8    | Entered Level 8 of a ziggurat
 57466 | Zig:9    | Entered Level 9 of a ziggurat
 57475 | Zig:9    | Paralysed by an air elemental for 1 turns
 57478 | Zig:9    | Paralysed by an air elemental for 1 turns
 57525 | Zig:9    | Identified the +1 longbow of Innocence {freeze, rC+ rN+}
 57532 | Zig:9    | Identified the +10 trident "Paqeddef" {flame, ^Drain rPois
                  | Str+3 Stlth+}
 57541 | Zig:10   | Entered Level 10 of a ziggurat
 57577 | Zig:10   | Received a gift from Trog
 57642 | Zig:10   | Identified the +9 falchion of Wyrd {heavy, rPois rC- Will+
                  | Dex+6}
 57643 | Zig:10   | Identified the -1 cloak of Kathenotheism {rC+ rCorr Str-2}
 57653 | Zig:11   | Entered Level 11 of a ziggurat
 57663 | Zig:11   | Noticed Edghauz the pandemonium lord
 57682 | Zig:11   | HP: 13/291 [hellion/damnation (31)]
 57800 | Depths:1 | Acquired a +2 pair of boots of stealth
 57801 | Depths:1 | Acquired a manual of Dodging
 57870 | Hell     | Entered the Vestibule of Hell
 57870 | Hell     | Noticed Murray
 57870 | Hell     | Noticed Geryon
 57961 | Pan      | Entered the realm of Lom Lobon.
 57961 | Pan      | Entered Pandemonium
 58209 | Pan      | Noticed Lom Lobon
 58577 | Pan      | Received a gift from Trog
 59712 | Pan      | Killed Lom Lobon
 59714 | Pan      | Got a magical rune of Zot
 60146 | Pan      | Noticed Lorhopec the pandemonium lord
 60167 | Pan      | Killed Lorhopec the pandemonium lord
 60207 | Pan      | Identified the +2 robe of Xom's Castigation {rC+ Stlth+}
 60311 | Pan      | Noticed Xumeudo the pandemonium lord
 60326 | Pan      | Killed Xumeudo the pandemonium lord
 60363 | Pan      | Received a gift from Trog
 60610 | Pan      | Found an exit through the horrors of the Abyss.
 60713 | Pan      | Noticed Xoan the pandemonium lord
 60729 | Pan      | Killed Xoan the pandemonium lord
 60826 | Pan      | Received a gift from Trog
 60853 | Pan      | Identified the +8 dagger of Rotation {freeze, rC- Will+++
                  | rCorr SInv}
 60855 | Pan      | Entered the realm of Gloorx Vloq.
 60998 | Pan      | Found an exit through the horrors of the Abyss.
 61360 | Pan      | Noticed Gloorx Vloq
 61371 | Pan      | HP: 13/291 [Executioner[Gloorx Vloq] (7)]
 61861 | Pan      | Killed Gloorx Vloq
 61932 | Pan      | Got a dark rune of Zot
 62117 | Pan      | Found an exit through the horrors of the Abyss.
 62146 | Pan      | Entered the realm of Mnoleg.
 62180 | Pan      | Received a gift from Trog
 62186 | Pan      | Noticed Mnoleg
 62603 | Pan      | Killed Mnoleg
 62639 | Pan      | Got a glowing rune of Zot
 63064 | Pan      | Noticed Bicynn the pandemonium lord
 63068 | Pan      | Killed Bicynn the pandemonium lord
 63091 | Pan      | Received a gift from Trog
 63460 | Pan      | Identified the +10 scale mail of Noon {Rampage rF- rN+
                  | Slay+2}
 63490 | Pan      | Entered the realm of Cerebov.
 63915 | Pan      | Identified the +9 bardiche of the Two Names {freeze, Str+4}
 64124 | Pan      | Received a gift from Trog
 64408 | Pan      | Identified the +3 broad axe of Uncomfortable Rashes {vamp,
                  | rPois Will+ Int+3}
 64420 | Pan      | Identified the +5 orcbow "Vezim" {drain, rElec}
 64434 | Pan      | Identified the +1 dire flail "Amuoxt" {antimagic, Will-
                  | Str+6}
 64543 | Pan      | Found the +6 sword of Cerebov {flame}
 64543 | Pan      | Noticed Cerebov
 64584 | Pan      | Killed Cerebov
 64706 | Pan      | Got a fiery rune of Zot
 64792 | Pan      | Noticed Feleem the pandemonium lord
 64807 | Pan      | Killed Feleem the pandemonium lord
 64874 | Pan      | Noticed Qaziol Pylu the pandemonium lord
 64887 | Pan      | Killed Qaziol Pylu the pandemonium lord
 64970 | Pan      | Received a gift from Trog
 65236 | Pan      | Identified the +1 scale mail of the Known World {rF+ Dex+3}
 66082 | Pan      | Received a gift from Trog
 66102 | Pan      | Noticed Visaki the pandemonium lord
 66149 | Pan      | Killed Visaki the pandemonium lord
 66186 | Pan      | Got a demonic rune of Zot
 66408 | Pan      | Noticed Ralae the pandemonium lord
 66460 | Pan      | Killed Ralae the pandemonium lord
 66889 | Pan      | Found an exit through the horrors of the Abyss.
 67190 | Pan      | Took an exit into the Abyss.
 67190 | Abyss:4  | Escaped into the Abyss
 67209 | Depths:2 | Escaped the Abyss
 67552 | Tomb:1   | Entered Level 1 of the Tomb of the Ancients
 67709 | Tomb:1   | Received a gift from Trog
 67991 | Vaults:5 | Bought a potion of heal wounds for 65 gold pieces
 67991 | Vaults:5 | Bought a potion of heal wounds for 65 gold pieces
 67991 | Vaults:5 | Bought 2 potions of haste for 260 gold pieces
 67991 | Vaults:5 | Bought a potion of haste for 130 gold pieces
 67991 | Vaults:5 | Bought a potion of curing for 39 gold pieces
 67991 | Vaults:5 | Bought a potion of heal wounds for 65 gold pieces
 68002 | Vaults:5 | Bought a potion of curing for 42 gold pieces
 68002 | Vaults:5 | Bought a potion of lignification for 42 gold pieces
 68002 | Vaults:5 | Bought 2 potions of curing for 84 gold pieces
 68002 | Vaults:5 | Bought a potion of attraction for 42 gold pieces
 68002 | Vaults:5 | Bought a potion of cancellation for 112 gold pieces
 68002 | Vaults:5 | Bought a potion of curing for 42 gold pieces
 68206 | Orc:2    | Bought a potion of curing for 48 gold pieces
 68206 | Orc:2    | Bought a potion of invisibility for 128 gold pieces
 68206 | Orc:2    | Bought a potion of curing for 48 gold pieces
 68206 | Orc:2    | Bought a potion of curing for 48 gold pieces
 68206 | Orc:2    | Bought a potion of lignification for 48 gold pieces
 68206 | Orc:2    | Bought a potion of heal wounds for 80 gold pieces
 68206 | Orc:2    | Bought a potion of cancellation for 128 gold pieces
 68206 | Orc:2    | Bought a potion of curing for 48 gold pieces
 68206 | Orc:2    | Bought a potion of attraction for 48 gold pieces
 68208 | Orc:2    | Bought a scroll of butterflies for 52 gold pieces
 68409 | Vaults:5 | Bought a pair of runed boots for 300 gold pieces
 68435 | Vaults:5 | Bought a potion of mutation for 152 gold pieces
 68435 | Vaults:5 | Bought a potion of magic for 152 gold pieces
 68435 | Vaults:5 | Bought a potion of might for 76 gold pieces
 68435 | Vaults:5 | Bought a potion of ambrosia for 152 gold pieces
 68435 | Vaults:5 | Bought a potion of lignification for 57 gold pieces
 68656 | Depths:2 | Bought a potion of enlightenment for 90 gold pieces
 68656 | Depths:2 | Bought a potion of curing for 54 gold pieces
 68656 | Depths:2 | Bought a potion of ambrosia for 144 gold pieces
 68656 | Depths:2 | Bought a potion of mutation for 144 gold pieces
 68656 | Depths:2 | Bought a potion of invisibility for 144 gold pieces
 68656 | Depths:2 | Bought a potion of cancellation for 144 gold pieces
 68656 | Depths:2 | Bought a potion of lignification for 54 gold pieces
 68656 | Depths:2 | Bought 2 potions of curing for 108 gold pieces
 68656 | Depths:2 | Bought a potion of magic for 144 gold pieces
 68659 | Depths:2 | Bought a potion of might for 136 gold pieces
 69037 | Tomb:1   | Noticed a royal mummy
 69050 | Tomb:1   | Noticed a royal mummy
 69051 | Tomb:1   | Noticed a royal mummy
 69054 | Tomb:1   | Killed a royal mummy
 69081 | Tomb:1   | Killed a royal mummy
 69101 | Tomb:1   | Killed a royal mummy
 69426 | Tomb:2   | Noticed a royal mummy
 69436 | Tomb:2   | Killed a royal mummy
 69441 | Tomb:2   | Identified the +3 robe "Qejuoreo" {rElec}
 69441 | Tomb:2   | Noticed Boris
 69447 | Tomb:2   | Noticed a royal mummy
 69447 | Tomb:2   | Noticed a royal mummy
 69453 | Tomb:2   | Killed Boris
 69470 | Tomb:2   | Killed a royal mummy
 69481 | Tomb:2   | Killed a royal mummy
 69492 | Tomb:2   | Noticed a royal mummy
 69497 | Tomb:2   | Killed a royal mummy
 69540 | Tomb:2   | Received a gift from Trog
 69901 | Tomb:1   | Noticed a royal mummy
 69909 | Tomb:1   | Killed a royal mummy
 69941 | Tomb:1   | Noticed a royal mummy
 69949 | Tomb:1   | Killed a royal mummy
 69976 | Tomb:1   | Noticed a royal mummy
 69998 | Tomb:1   | Killed a royal mummy
 70004 | Tomb:1   | Noticed a royal mummy
 70012 | Tomb:1   | Killed a royal mummy
 70014 | Tomb:1   | Noticed a royal mummy
 70030 | Tomb:1   | Killed a royal mummy
 70084 | Tomb:1   | Noticed a royal mummy
 70092 | Tomb:1   | Noticed a royal mummy
 70093 | Tomb:1   | Killed a royal mummy
 70104 | Tomb:1   | Killed a royal mummy
 70115 | Tomb:1   | Noticed a royal mummy
 70119 | Tomb:1   | Noticed a royal mummy
 70125 | Tomb:1   | Killed a royal mummy
 70132 | Tomb:1   | Killed a royal mummy
 70212 | Tomb:2   | Received a gift from Trog
 70358 | Tomb:3   | Entered Level 3 of the Tomb of the Ancients
 70408 | Tomb:3   | Noticed a royal mummy
 70408 | Tomb:3   | Noticed a royal mummy
 70421 | Tomb:3   | Noticed a royal mummy
 70427 | Tomb:3   | Killed a royal mummy
 70428 | Tomb:3   | Noticed a royal mummy
 70444 | Tomb:3   | Killed a royal mummy
 70447 | Tomb:3   | Killed a royal mummy
 70453 | Tomb:3   | Killed a royal mummy
 70456 | Tomb:3   | Noticed a royal mummy
 70462 | Tomb:3   | Noticed a royal mummy
 70467 | Tomb:3   | Killed a royal mummy
 70497 | Tomb:3   | Noticed a royal mummy
 70502 | Tomb:3   | Noticed a royal mummy
 70617 | Tomb:3   | Killed a royal mummy
 70618 | Tomb:3   | Received a gift from Trog
 70622 | Tomb:3   | Noticed a royal mummy
 70631 | Tomb:3   | Killed a royal mummy
 70657 | Tomb:3   | Killed a royal mummy
 70666 | Tomb:3   | Killed a royal mummy
 70695 | Tomb:3   | Identified the +4 war axe of Zeohuaw {protect, rN+ Will+}
 70882 | Tomb:3   | Identified the +0 fire dragon scales "Xapsick" {rPois rF++
                  | rC- Int+3}
 71016 | Tomb:3   | Identified the +8 whip of the Feeding Messenger {speed,
                  | Int+6}
 71024 | Tomb:3   | Identified the +2 battleaxe of Brawling {antimagic, rPois
                  | Will++ Int+2 Dex-4}
 71029 | Tomb:3   | Identified the amulet "Sauff" {Spirit Regen+}
 71039 | Tomb:3   | Identified the +4 shortbow of Okhi {heavy, Str+3}
 71042 | Tomb:3   | Identified the staff of the Charming Mosquito {rPois rN+
                  | Str-2 Conj}
 71114 | Tomb:3   | Got a golden rune of Zot
 71556 | Depths:2 | Bought a smoking demon blade for 800 gold pieces
 71556 | Depths:2 | Identified the +1 demon blade of the Toadstool {elec, rElec
                  | rN+ Int+3} (You bought it in a shop on level 2 of the
                  | Depths)
 71648 | Depths:2 | Killed Murray
 71981 | Depths:2 | Received a gift from Trog
 72244 | Hell     | Killed Geryon
 72342 | Hell     | Found a gateway to the decaying netherworld of Tartarus.
 72411 | Hell     | Found a gateway to the Iron City of Dis.
 72441 | Hell     | Found a gateway to the freezing wastes of Cocytus.
 72446 | Hell     | Paralysed by a wendigo for 1 turns
 72468 | Hell     | Paralysed by a wendigo for 1 turns
 72538 | Hell     | Found a gateway to the ashen valley of Gehenna.
 72645 | Tar:1    | Entered Level 1 of Tartarus
 72654 | Tar:1    | Noticed a dread lich
 72659 | Tar:1    | Killed a dread lich
 72906 | Tar:5    | Identified the +2 long sword of a bailey {flame, *Slow
                  | rC+++ Will-} (Trog gifted it to you on level 5 of Tartarus)
 72906 | Tar:5    | Received a gift from Trog
 72947 | Tar:7    | Entered Level 7 of Tartarus
 73542 | Tar:7    | Identified the +0 cloak of Pathos {Rampage Str+4}
 74360 | Tar:7    | Noticed Ereshkigal
 74384 | Tar:7    | Killed Ereshkigal
 74425 | Tar:7    | Got a bone rune of Zot
 74682 | Dis:1    | Entered Level 1 of the Iron City of Dis
 74870 | Dis:2    | Noticed an ancient lich
 74875 | Dis:2    | Killed an ancient lich
 75254 | Dis:3    | You fall into a shaft and drop 3 floors!
 75265 | Dis:7    | Entered Level 7 of the Iron City of Dis
 75284 | Dis:7    | Received a gift from Trog
 75403 | Dis:7    | Reached skill level 27 in Evocations
 76473 | Dis:7    | Received a gift from Trog
 76932 | Dis:7    | Noticed a juggernaut
 76947 | Dis:7    | Killed a juggernaut
 77004 | Dis:7    | Noticed a juggernaut
 77016 | Dis:7    | Killed a juggernaut
 77637 | Dis:7    | Noticed a juggernaut
 77642 | Dis:7    | Killed a juggernaut
 77652 | Dis:7    | Noticed Dispater
 77725 | Dis:7    | Killed Dispater
 77768 | Dis:7    | Got an iron rune of Zot
 77771 | Dis:7    | Identified the ring "Roangull" {+Blink Fly}
 77911 | Geh:1    | Entered Level 1 of Gehenna
 78068 | Geh:2    | Received a gift from Trog
 78730 | Geh:6    | Received a gift from Trog
 78751 | Geh:7    | Entered Level 7 of Gehenna
 79093 | Geh:7    | Received a gift from Trog
 79269 | Geh:7    | Identified the amulet "Ekhouve" {Spirit rElec Str-5 Int+6}
 79270 | Geh:7    | Identified the +2 helmet "Timucit" {Dex+7}
 79623 | Geh:7    | Found the +13 sceptre of Asmodeus
 79623 | Geh:7    | Noticed Asmodeus
 79639 | Geh:7    | Killed Asmodeus
 79668 | Geh:7    | Got an obsidian rune of Zot
 79908 | Coc:1    | Entered Level 1 of Cocytus
 80031 | Coc:4    | Received a gift from Trog
 80601 | Coc:7    | Entered Level 7 of Cocytus
 80625 | Coc:7    | Paralysed by a wendigo for 1 turns
 80634 | Coc:7    | Received a gift from Trog
 80977 | Coc:7    | Reached skill level 27 in Long Blades
 81728 | Coc:7    | Noticed Antaeus
 81745 | Coc:7    | Paralysed by a wendigo for 1 turns
 81749 | Coc:7    | Paralysed by a wendigo for 1 turns
 82614 | Coc:7    | Killed Antaeus
 82623 | Coc:7    | Received a gift from Trog
 82648 | Coc:7    | Got an icy rune of Zot
 82995 | Zot:1    | Entered Level 1 of the Realm of Zot
 84047 | Zot:2    | Reached skill level 27 in Fighting
 84228 | Zot:2    | Identified the +4 triple sword of Ippaegos {antimagic,
                  | Str+3 Dex+2 Stlth+} (Trog gifted it to you on level 2 of
                  | the Realm of Zot)
 84228 | Zot:2    | Received a gift from Trog
 84467 | Zot:3    | Noticed an orb of fire
 84478 | Zot:3    | Killed an orb of fire
 84637 | Zot:3    | Noticed an orb of fire
 84645 | Zot:3    | Killed an orb of fire
 84789 | Zot:3    | Reached skill level 27 in Dodging
 84917 | Zot:3    | Received a gift from Trog
 85804 | Zot:4    | Identified the +7 plate armour "Wemoumm" {Int+3 Dex+4
                  | Slay+3}
 85926 | Abyss:4  | Cast into level 4 of the Abyss (Killer Klown)
 85961 | Abyss:4  | Found a corrupted altar of Lugonu.
 85970 | Abyss:4  | Found a corrupted altar of Lugonu.
 86015 | Abyss:4  | Reached skill level 27 in Armour
 86024 | Abyss:4  | Paralysed by accursed screaming for 1 turns
 86051 | Zot:4    | Escaped the Abyss
 86159 | Zot:5    | Entered Level 5 of the Realm of Zot
 86160 | Zot:5    | Noticed Gusador's ghost (legendary MiFi)
 86160 | Zot:5    | Found a runed translucent gate.
 86160 | Zot:5    | Found a runed translucent gate.
 86230 | Zot:5    | Found a runed translucent gate.
 86450 | Zot:5    | Killed Gusador's ghost
 86530 | Zot:5    | Received a gift from Trog
 86585 | Zot:5    | Noticed an ancient lich
 86589 | Zot:5    | Noticed a dread lich
 86595 | Zot:5    | Killed an ancient lich
 86602 | Zot:5    | Killed a dread lich
 86737 | Zot:5    | Noticed an orb of fire
 86754 | Zot:5    | Killed an orb of fire
 86764 | Zot:5    | Noticed an orb of fire
 86786 | Zot:5    | Killed an orb of fire
 86790 | Zot:5    | Noticed an orb of fire
 86800 | Zot:5    | Killed an orb of fire
 86810 | Zot:5    | Noticed a dread lich
 86810 | Zot:5    | Noticed an orb of fire
 86811 | Zot:5    | Noticed an orb of fire
 86812 | Zot:5    | Noticed a dread lich
 86843 | Zot:5    | Killed an orb of fire
 86848 | Zot:5    | Killed an orb of fire
 86853 | Zot:5    | Killed a dread lich
 86855 | Zot:5    | Killed a dread lich
 87016 | Zot:5    | Identified the +1 pair of boots of a sewer {*Corrode rN++
                  | Str+3}
 87158 | Zot:5    | Noticed an orb of fire
 87162 | Zot:5    | Noticed an orb of fire
 87166 | Zot:5    | Noticed an orb of fire
 87168 | Zot:5    | Noticed an orb of fire
 87170 | Zot:5    | Killed an orb of fire
 87173 | Zot:5    | Killed an orb of fire
 87289 | Zot:5    | Killed an orb of fire
 87399 | Zot:5    | Killed an orb of fire
 87438 | Zot:5    | Noticed a dread lich
 87458 | Zot:5    | Killed a dread lich
 87875 | Zot:5    | Got the Orb of Zot
 88038 | Depths:3 | Received a gift from Trog
 88244 | D:9      | Noticed Paodiz the pandemonium lord
 88262 | D:9      | Killed Paodiz the pandemonium lord
 88291 | D:9      | Noticed Kociadox the pandemonium lord
 88501 | D:$      | Escaped with the Orb!

Illustrated notes

Levels and vault maps discovered:
D:1:      lightli_arrival_windingriver, layout_rooms, minmay_indecisive_spiral
D:2:      cheibrodos_greedy_goblins, layout_basic,
          chequers_serial_rivers_room_a, minmay_small_reverse_x
D:3:      layout_basic, overflow_temple_1_default, kiku_gazebo_pond_becter
D:4:      layout_basic, marbit_many_paths, uniq_crazy_yiuf_cottage
D:5:      layout_loops_ring, eat_drink_and_be_merry_uskayaw, kennysheep_mini,
          minivault_11, uniq_grinder, uniq_eustachio
D:6:      layout_cave_pools, temple_doors_cd, lightli_minifort
D:7:      kennysheep_slugbush, layout_loops_ring, mainiacjoe_overflow_alcove_4,
          overflow_temple_1_default, enter_bailey_1, uniq_joseph
D:8:      layout_loops_ring, grunt_gozag_statues, serial_shops,
          nicolae_book_shop_shelving, nicolae_water_bricks
D:9:      layout_irregular_city, lemuel_doored_altar, led_sif_pool,
          hellmonk_lair_entry_icy, nicolae_zig_zag_zippers
D:10:     layout_long_grid, lemuel_crystal_altar,
          mainiacjoe_overflow_divided_tiny, grunt_nemelex_the_gamble
D:11:     layout_stronghold
D:12:     layout_cave_pods, david_orc_3
D:13:     layout_rooms, hellmonk_vaults_keyhole, serial_shops,
          nicolae_shop_advertising_works [nicolae_subvault_shop_adworks],
          fedhas_bush_and_centaur_altar
D:14:     layout_irregular_city, fountainhead
D:15:     grunt_enter_depths_snipers, layout_irregular_city, serial_park_square3
          [serial_park_minivault_5x5_4]
Temple:   hellmonk_temple_micro_hex
Lair:1:   layout_regular_city, grunt_megastairs_2
Lair:2:   layout_big_grid, nicolae_swamp_entry_spooky, dreamdust_wasp_nest
Lair:3:   layout_chaotic_city, nicolae_spider_entry_non_spiders
Lair:4:   layout_long_grid, chequers_serial_rivers_room_a, grunt_megastairs_3,
          infiniplex_staircase_pool_2, uniq_kirke
Lair:5:   cheibrodos_lair_end_hotspot, layout_gridlike, slime_entry_1
Swamp:1:  layout_falls_marsh, hangedman_swamp_diagram,
          nicolae_swamp_tree_isthmus, nicolae_swamp_decorative_isthmus
Swamp:2:  layout_basic_swamp, evilmike_swamp_ruin_house_5, swamp_pool_3,
          nicolae_swamp_little_swirl, uniq_donald, uniq_frances
Swamp:3:  layout_basic_swamp, nicolae_swamp_trees_clearing, grunt_witch_cave
Swamp:4:  nzn_swamp_witches_coven, layout_basic_swamp
Spider:1: layout_spider_delve
Spider:2: layout_cave_pods
Spider:3: layout_spider_delve, special_room [special_room_bee]
Spider:4: hellmonk_spider_rune_bug_friends, hangedman_spider_tarantella_strand,
          uniq_arachne
Slime:1:  layout_caves
Slime:2:  layout_caves, cheibrodos_slime_lost_civilization_7
Slime:3:  layout_caves
Slime:4:  layout_caves, nicolae_slime_getting_an_eyeful
Slime:5:  slime_pit
Orc:1:    layout_diamond_mine, gammafunk_ghost_abyssal_escape
Orc:2:    pf_orc_diabolical, layout_caves, elves_outpost_lemuel
Elf:1:    nicolae_elf_arrival_dilemma, layout_gridlike, serial_shops,
          bzr_entry_safe, hangedman_elven_crosses_minicolossus,
          item_on_display_a
Elf:2:    elven_hall_of_blades_hangedman_alternative [nicolae_blade_lattice],
          layout_loops_ring
Elf:3:    minmay_elf_hall_x, layout_geoelf_octagon, basic_altar
Vaults:1: st_cells, vaults_standard_mumra_lines,
          nicolae_vaults_disjoint_gnomons, nicolae_vaults_tetromino_L_1,
          nicolae_vaults_big_ls, vaults_room_semicircle, v_misc_12,
          nicolae_vaults_cochlea, nicolae_vaults_trapezoid_4,
          nicolae_vaults_diamond_1, nicolae_vaults_tetromino_L_1,
          nicolae_vaults_trapezoid_2, nicolae_vaults_heart-shaped_vault,
          nicolae_vaults_specimen_jars, layout_vaults_ring
Vaults:2: nicolae_vaults_apartment_1, nicolae_vaults_hexular_roomagon,
          vaults_room_door_ring, nicolae_vaults_offset_grid_hallway_1,
          nicolae_vaults_closet_pinwheel_5, nicolae_vaults_loss_of_containment,
          serial_ice_b, v_misc_22, nicolae_vaults_taking_the_gang_shopping,
          vaults_room_boxed, vaults_dpeg_emergency_exit,
          layout_vaults_quadrants, serial_shops, shop
Vaults:3: serial_ice_h, nicolae_vaults_frosty_reception,
          nicolae_vaults_trapezoid_2, minmay_crypt_entry_necro_gods,
          vaults_room_semicircle, grunt_vaults_funnel, ontoclasm_vaults_eye,
          nicolae_vaults_trapezoid_4, v_misc_2, grunt_vaults_hallway_short,
          nicolae_vaults_little_squares_6, st_more_cells,
          vaults_room_fancy_cross, layout_vaults_big_room, serial_shops,
          nicolae_shop_statue_plus
Vaults:4: nicolae_vaults_windows_and_doors_thing, nicolae_vaults_three_branches,
          nicolae_vaults_double_plus_1, vaults_dpeg_encased_lava,
          hangedman_vaults_maws, hangedman_vaults_corner_blocks, v_misc_1,
          nicolae_vaults_more_shelving_1, ontoclasm_vaults_ring_square,
          grunt_vaults_bifocal, nicolae_vaults_six-pack, v_misc_24, st_cross,
          layout_vaults_maze_bifur
Vaults:5: uniq_mara
Crypt:1:  layout_regular_city, lemuel_mausoleum_altar_yredelemnul
Crypt:2:  layout_regular_city, mu_enter_wizlab_2, lemuel_upstairs_altar,
          grunt_megastairs_4
Crypt:3:  david_glass_crypt, layout_gridlike
Tomb:1
Tomb:2
Tomb:3
Depths:1: layout_cave_pools, enter_ziggurat_f, ashenzari_conservatory_becter,
          hell_entry, regret_index_xom_buried_treasure, guppyfry_shop_venom,
          serial_bayou_shore_b
Depths:2: hangedman_screamer, layout_cave_pools,
          nicolae_qazlal_eye_of_the_storm, hell_entry,
          ebering_ghost_inner_flame, rand_demon_pan_entry_4, serial_shops, shop,
          minmay_shoptagon, serial_bayou_shore_b
Depths:3: hangedman_hanging_gardens, layout_gridville, minmay_room_of_horrors,
          grunt_hell_entry_dis_old, rand_demon_pan_entry_5, okawaru_trees_1
Depths:4: grunt_zot_entry_funnels, layout_gridlike, hell_entry,
          abyss_entry_flame_altar, minmay_shop_grove
Hell
Dis:1:    layout_subdivisions, nicolae_dis_having_a_grate_time
Dis:2:    layout_gridville
Dis:3:    layout_subdivisions
Dis:6:    layout_regular_city
Dis:7:    dis_grunt_layers
Geh:1:    layout_gehenna_pools_box, tekkud_geh_sculpture_garden
Geh:2:    layout_gehenna_pools_basic, nicolae_hells_fiendish_ambush
Geh:3:    layout_gehenna_lava_caves
Geh:4:    layout_gehenna_pools_box, nicolae_geh_lava_lounge
Geh:5:    layout_gehenna_pools_triple
Geh:6:    nicolae_hells_demon_pit, layout_gehenna_pools_box
Geh:7:    evilmike_geh
Coc:1:    layout_cocytus_water_paths
Coc:2:    layout_cocytus_water_paths
Coc:3:    layout_cocytus_water_paths
Coc:4:    layout_ice_bergs, special_room [special_room_morgue]
Coc:5:    nicolae_coc_city_of_iceburg
Coc:6:    layout_cocytus_water_paths
Coc:7:    coc_grunt_cove [coc_grunt_cove_antaeus, coc_grunt_cove_fiend,
          coc_grunt_cove_fiend, coc_grunt_cove_fiend, coc_grunt_cove_fiend]
Tar:1:    layout_grid_maze
Tar:2:    layout_grid_maze
Tar:3:    layout_grid_maze
Tar:4:    layout_cathedral_of_symmetry
Tar:5:    layout_grid_maze
Tar:6:    layout_honeycomb, nicolae_tar_grid_combs
Tar:7:    tar_mu [tar_mu_maze]
Zot:1:    layout_gridlike
Zot:2:    layout_gridlike, regret_index_zotdec_barnacled_simple,
          grunt_megastairs_5
Zot:3:    layout_gridlike, regret_index_zotdec_abyssal_contain_seething_sorcery
Zot:4:    layout_gridlike
Zot:5:    layout_misc_corridors, ebering_ghost_rock_garden

Skill      XL: |  1  2  3  4  5  6  7  8  9 10 11 12 13 14 15 16 17 18 19 20 21 22 23 24 25 26 27 |
---------------+----------------------------------------------------------------------------------+-----
Fighting       | 2 3 4 5 7 8 9 10 12 13 14 15 17 18 19 27 | 27.0
Long Blades    | 4 7 9 10 12 13 14 16 18 19 20 27 | 27.0
Dodging        | 3 5 6 7 8 9 10 12 13 16 17 18 19 27 | 27.0
Armour         | 4 5 7 8 9 10 11 12 27 | 27.0
Evocations     | 6 8 9 11 14 15 17 18 27 | 27.0
Throwing       | 2 4 |  4.0
Shapeshifting  | 3 10 14 16 18 19 22 25 | 25.8
Stealth        | |  0.7

Action                     |  1- 3 |  4- 6 |  7- 9 | 10-12 | 13-15 | 16-18 | 19-21 | 22-24 | 25-27 || total
---------------------------+-------+-------+-------+-------+-------+-------+-------+-------+-------++-------
  Melee: Club              |   138 |     3 |       |       |       |       |       |       |       ||   141
         Dagger            |   134 |    81 |   106 |    24 |       |       |       |       |       ||   345
         Mace              |       |    94 |   112 |    14 |       |       |       |       |       ||   220
         Long sword        |       |       |       |   366 |       |       |       |       |       ||   366
         Scimitar          |       |       |       |   280 |  1041 |  1016 |   642 |       |       ||  2979
         Double sword      |       |       |       |       |   481 |  1036 |  1159 |  1198 | 11893 || 15767
         Demon blade       |       |       |       |       |       |       |   150 |       |       ||   150
  Throw: Dart              |       |       |       |     5 |     5 |     4 |       |       |     4 ||    18
         Throwing net      |       |       |       |       |       |       |       |       |     3 ||     3
 Invoke: Berserk           |       |       |       |     1 |       |     7 |     6 |     6 |     7 ||    27
         Trog's Hand       |       |       |       |       |     1 |     5 |     4 |     9 |    54 ||    73
         Brothers in Arms  |       |       |       |       |       |     9 |     4 |     5 |     9 ||    27
Ability: Invent Gizmo      |       |       |       |       |     1 |       |       |       |       ||     1
         Begin Untransform |       |       |       |       |       |       |     1 |       |    13 ||    14
  Evoke: Wand              |       |     1 |    23 |    16 |     5 |    15 |     7 |       |    93 ||   160
         Box of beasts     |       |       |       |       |     2 |     2 |     1 |     1 |     8 ||    14
         Phantom mirror    |       |       |       |       |       |     2 |       |     1 |    13 ||    16
         Condenser vane    |       |       |       |       |       |       |     2 |     1 |    10 ||    13
         Lightning rod     |       |       |       |       |       |       |       |       |    12 ||    12
         Horn of Geryon    |       |       |       |       |       |       |       |       |     7 ||     7
         Phial of floods   |       |       |       |       |       |       |       |       |     3 ||     3
    Use: Scroll            |       |       |    11 |     2 |    14 |    23 |    10 |     9 |    80 ||   149
         Potion            |       |       |       |       |     1 |     4 |     1 |     2 |    46 ||    54
   Stab: Sleeping          |     1 |       |       |     1 |       |     1 |     1 |     1 |     3 ||     8
         Distracted        |       |       |       |       |     3 |     3 |       |     1 |    12 ||    19
         Betrayed ally     |       |       |       |       |       |     1 |       |       |     1 ||     2
         Invisible         |       |       |       |       |       |       |       |       |    48 ||    48
         Held in net/web   |       |       |       |       |       |       |       |       |     3 ||     3
 Armour: Leather armour    |    86 |       |    99 |   113 |       |   416 |       |       |       ||   714
         Scale mail        |    47 |    52 |     7 |       |       |       |       |       |       ||   106
         Ring mail         |       |       |       |   152 |   679 |    59 |       |       |       ||   890
         Pearl dragon scal |       |       |       |       |       |   517 |   712 |       |  3070 ||  4299
         Skin              |       |       |       |       |       |       |   162 |   765 |  2056 ||  2983
  Dodge: Dodged            |    96 |    38 |    72 |   260 |   652 |   867 |   848 |  1147 |  9183 || 13163
   Form: Statue            |       |       |       |       |       |       |     2 |       |     6 ||     8
         Death             |       |       |       |       |       |       |       |       |    18 ||    18

Table legend: (Time is in decaauts)
 A = Elapsed time spent in this place.
 B = Non-inter-level travel time spent in this place.
 C = Inter-level travel time spent in this place.
 D = Time resting spent in this place.
 E = Time spent auto-exploring this place.
 F = Levels seen in this place.
 G = Mean time per level.
                   A        B        C        D        E       F      G
               +--------+--------+--------+--------+--------+-----+--------+
         Total |  94896 |  85618 |   9278 |  18040 |  42714 | 124 |  765.3 |
       Dungeon |  18398 |  15671 |   2727 |   5127 |   7755 |  15 | 1226.5 |
        Temple |     10 |      6 |      4 |      0 |      0 |   1 |   10.0 |
          Lair |   5085 |   4335 |    750 |    609 |   2384 |   5 | 1017.0 |
         Swamp |   3972 |   3709 |    263 |    577 |   2308 |   4 |  993.0 |
   Spider Nest |   5328 |   5066 |    262 |   1649 |   2321 |   4 | 1332.0 |
    Slime Pits |   2794 |   2595 |    199 |    328 |   1726 |   5 |  558.8 |
  Orcish Mines |   2870 |   2551 |    319 |    344 |   1457 |   2 | 1435.0 |
   Elven Halls |   4098 |   3919 |    179 |    998 |   1909 |   3 | 1366.0 |
        Vaults |   9692 |   8300 |   1392 |   1244 |   4761 |   5 | 1938.4 |
         Crypt |   4555 |   4004 |    551 |    558 |   2335 |   3 | 1518.3 |
          Tomb |   2592 |   2349 |    243 |    277 |   1168 |   3 |  864.0 |
        Depths |   6516 |   5660 |    856 |    929 |   3339 |   4 | 1629.0 |
          Hell |    858 |    694 |    164 |    117 |    234 |   1 |  858.0 |
           Dis |   4506 |   4360 |    146 |   1708 |   1266 |   5 |  901.2 |
       Gehenna |   1749 |   1498 |    251 |    132 |    403 |   7 |  249.9 |
       Cocytus |   2959 |   2667 |    292 |    348 |   1076 |   7 |  422.7 |
      Tartarus |   1882 |   1553 |    329 |    242 |    828 |   7 |  268.9 |
           Zot |   4660 |   4314 |    346 |    343 |   2887 |   5 |  932.0 |
         Abyss |    317 |    317 |      0 |     26 |      0 |   3 |  105.7 |
   Pandemonium |   9093 |   9093 |      0 |   1489 |   3621 |  21 |  433.0 |
      Ziggurat |   1071 |   1071 |      0 |    296 |    271 |  11 |   97.4 |
        Bazaar |     62 |     62 |      0 |      0 |     34 |   1 |   62.0 |
        Bailey |    782 |    782 |      0 |    537 |     77 |   1 |  782.0 |
        Wizlab |   1036 |   1036 |      0 |    154 |    547 |   1 | 1036.0 |
               +--------+--------+--------+--------+--------+-----+--------+

Top non-repeatable levels by time:
   Dis:7: 3697 daAuts
Vaults:5: 2786 daAuts
   Coc:7: 2312 daAuts
    D:15: 2179 daAuts
Vaults:3: 2106 daAuts
    D:13: 1929 daAuts
Vaults:2: 1857 daAuts
    D:12: 1844 daAuts
Vaults:4: 1777 daAuts
    D:14: 1777 daAuts
Depths:2: 1775 daAuts
Depths:1: 1714 daAuts
Spider:4: 1709 daAuts
Spider:3: 1673 daAuts
 Crypt:1: 1650 daAuts
